 Dungeon Crawl Stone Soup version 0.30-a0-55-g90e3122c3a (webtiles) character file.

Game seed: 7865850321820475071

9 AarnesTheHuman the Cudgeller (level 2, 29/29 HPs)
             Began as an Ogre Gladiator on Sept 9, 2022.
             Was a High Priest of Ignis.
             Got out of the dungeon alive.
             The game lasted 00:01:22 (446 turns).

AarnesTheHuman the Cudgeller (Ogre Gladiator)        Turns: 446, Time: 00:01:23

Health: 29/29      AC:  3    Str: 17    XL:     2   Next: 12%
Magic:  2/2        EV: 10    Int:  9    God:    Ignis [*****.]
Gold:   65         SH:  0    Dex: 10    Spells: 1/1 levels left

rFire   + . .      SeeInvis .    a - +0 flail
rCold   . . .      Faith    .    (no shield)
rNeg    . . .      Spirit   .    b - +0 robe
rPois   .          Reflect  .    c - +0 hat
rElec   .          Harm     .    (no cloak)
rCorr   .          Rampage  .    (gloves unavailable)
Will    .....                    (boots unavailable)
Stlth   +.........               (no amulet)
HPRegen 0.09/turn                (no ring)
MPRegen 0.08/turn                (no ring)

@: no status effects
A: large, unfitting armour, tough skin 1
a: Renounce Religion, Fiery Armour, Foxfire Swarm, Rising Flame


You escaped.
You worshipped Ignis.
Ignis was extremely pleased with you.
You visited 1 branch of the dungeon, and saw 1 of its levels.

You collected 65 gold pieces.

Inventory:

Hand Weapons
 a - a +0 flail (weapon)
Missiles
 d - 3 throwing nets (quivered)
 e - a large rock
 g - 6 stones
Armour
 b - a +0 robe (worn)
 c - a +0 hat (worn)
Scrolls
 f - a scroll of teleportation {unknown}
 h - 2 scrolls of identify {unknown}
 i - a scroll of summoning {unknown}


   Skills:
 - Level 2.6 Fighting
 + Level 3.2 Maces & Flails
 - Level 2.0 Throwing
 - Level 2.6 Dodging


You had one spell level left.
You didn't know any spells.
Your spell library was empty.

Dungeon Overview and Level Annotations

Branches:
Dungeon (1/15)

Altars:
Ignis


Innate Abilities, Weirdness & Mutations

You are too large for most types of armour.
You have tough skin. (AC +1)


Message History

The quokka barely misses you.
You completely miss the quokka. The quokka closely misses you.
You sock the quokka!
You kill the quokka!
You have reached level 2!
You start resting.
HP restored.
Things that are here:
a +0 dagger; a goblin skeleton
h - a scroll labelled CEKHIL WESIA You now have 65 gold pieces (gained 9).
Found a stone staircase leading down.
Found a faded altar of an unknown god.
i - a scroll labelled GIPNIPAETH
h - 2 scrolls labelled CEKHIL WESIA (gained 1)
There is a stone staircase leading down here.
A goblin comes into view. It is wielding a +0 dagger.
A goblin is nearby!
You thump the goblin!
You kill the goblin!
No target in view!
There is a faded altar of an unknown god here.
You cannot tell which god this altar belongs to.
Convert to them anyway?
Ignis accepts your prayer! Ignis welcomes you!
Found a spear.
There is a staircase leading out of the dungeon here.
Are you sure you want to leave the Dungeon?
This will make you lose the game! [Y]es or [N]o only, please.
Are you sure you want to leave the Dungeon?
This will make you lose the game!
Alright, then stay!
Unknown command.
A hobgoblin comes into view.
The hobgoblin shouts!
You hear a shout!
Unknown command.
There is a staircase leading out of the dungeon here.
Okay, then.
Unknown command.
Are you sure you want to leave the Dungeon?
This will make you lose the game!
You have escaped!

..g.............
######.....#####
##...#.....#...#
##.8.#.....#.8.#
######...#.....#...#
#....#####.....#####
####...................
......................
#.##.........@........
#......................
##...#^................
##...#####.....#####..
###...#...#.....#...#..
#.)...#.8.#.....#.8.#..
#....#...#...#.....#...#..
##.###...#####.....#####..
#.. #..................##


There were no monsters in sight!

Vanquished Creatures
  A giant cockroach (D:1)
  2 goblins (D:1)
  2 hobgoblins (D:1)
  A quokka (D:1)
  A rat (D:1)
7 creatures vanquished.

Notes
Turn   | Place    | Note
-------+----------+-------------------------------------------
     0 | D:1      | AarnesTheHuman the Ogre Gladiator began the quest for the
                  | Orb.
     0 | D:1      | Reached XP level 1. HP: 22/22 MP: 1/1
    71 | D:1      | Reached skill level 3 in Maces & Flails
    78 | D:1      | Reached XP level 2. HP: 3/29 MP: 2/2
   375 | D:1      | Found a faded altar of an unknown god.
   417 | D:1      | Prayed at the altar of an unknown god.
   417 | D:1      | Became a worshipper of Ignis, the Dying Flame
   446 | D:$      | Got out of the dungeon alive.

Illustrated notes

Levels and vault maps discovered:
D:1:      minmay_arrival_glassed_features, layout_rooms,
          ebering_ecumenical_altar_box

Skill      XL: |  1 |
---------------+----+-----
Maces & Flails | 3 |  3.2
Fighting       | |  2.6
Throwing       | |  2.0
Dodging        | |  2.6

Action                   || total
-------------------------++-------
Melee: Flail             ||    27
Armor: Robe              ||     3
Dodge: Dodged            ||    14

Table legend: (Time is in decaauts)
 A = Elapsed time spent in this place.
 B = Non-inter-level travel time spent in this place.
 C = Inter-level travel time spent in this place.
 D = Time resting spent in this place.
 E = Time spent auto-exploring this place.
 F = Levels seen in this place.
 G = Mean time per level.
                   A        B        C        D        E       F      G
               +--------+--------+--------+--------+--------+-----+--------+
         Total |    452 |    429 |     23 |    280 |     74 |   1 |  452.0 |
       Dungeon |    452 |    429 |     23 |    280 |     74 |   1 |  452.0 |
               +--------+--------+--------+--------+--------+-----+--------+

Top non-repeatable levels by time:
     D:1: 452 daAuts
